 Dungeon Crawl Stone Soup version 0.23.2-1-ga50397a6bc (webtiles) character file.

Game seed: 12297456128418434113

569 Mrkan the Poker (level 7, -4/44 HPs)
             Began as a Tengu Berserker on May 20, 2019.
             Was an Elder of Trog.
             Shot with an arrow by a centaur (12 damage)
             ... on level 5 of the Dungeon.
             The game lasted 00:07:51 (2774 turns).

Mrkan the Poker (Tengu Berserker)                   Turns: 2774, Time: 00:07:51

Health: -4/44      AC:  8    Str: 20    XL:     7   Next: 33%
Magic:  8/8        EV: 10    Int:  7    God:    Trog [****..]
Gold:   211        SH:  0    Dex: 13    Spells: 6/6 levels left

rFire    . . .     SeeInvis .   a - +1 spear
rCold    . . .     Gourm    .   (no shield)
rNeg     . . .     Faith    .   j - +1 scale mail
rPois    .         Spirit   .   (helmet restricted)
rElec    .         Reflect  .   (no cloak)
rCorr    +         Harm     .   (no gloves)
MR       .....                  (boots unavailable)
Stlth    ..........             (no amulet)
HPRegen  0.14/turn              u - ring "Wueni" {rCorr +Blink}
MPRegen  0.11/turn              (no ring)

@: marked
A: beak, talons 3, able to fly
a: Fly, Berserk, Trog's Hand, Brothers in Arms, Renounce Religion, Evoke Blink


You were on level 5 of the Dungeon.
You worshipped Trog.
Trog was greatly pleased with you.
You were not hungry.

You visited 1 branch of the dungeon, and saw 5 of its levels.

You collected 211 gold pieces.

Inventory:

Hand Weapons
 a - a +1 spear (weapon)
Armour
 b - a +0 animal skin
 j - a +1 scale mail (worn)
Jewellery
 l - an uncursed amulet of magic regeneration {unknown}
 t - an uncursed ring of protection from fire {unknown}
 u - the ring "Wueni" (left hand) {rCorr +Blink}
   (You found it on level 4 of the Dungeon)

   [ring of resist corrosion]

   It lets you blink.
Scrolls
 e - a scroll of remove curse {unknown}
 h - 3 scrolls of identify
 i - a scroll of enchant armour
 s - a scroll of immolation
Potions
 d - 2 potions of flight {unknown}
 g - a potion of haste
 k - 3 potions of brilliance {unknown}
 m - 4 potions of heal wounds {unknown}
 o - 2 potions of curing {unknown}
 p - a potion of agility {unknown}
 r - a potion of resistance {unknown}
Comestibles
 c - 10 rations


   Skills:
 + Level 4.8 Fighting
 * Level 6.8 Polearms
 + Level 4.6 Armour
 - Level 2.1 Dodging


You had 6 spell levels left.
You didn't know any spells.
Your spell library was empty.

Dungeon Overview and Level Annotations

Branches:
Dungeon (5/15)             Temple (0/1) D:5

Altars:
Elyvilon
Trog

Annotations:
D:4 1 runed translucent door
D:5 Menkaure, Prince Ribbit


Innate Abilities, Weirdness & Mutations

You have a beak for a mouth.
You have claws for feet.
You can fly continuously.


Message History

The orc closely misses you.
Menkaure gestures wildly while chanting.
Menkaure seems to speed up.
The crimson imp barely misses you. The worker ant barely misses you.
You hit the worker ant. You peck the worker ant.
You kill the worker ant!
Trog accepts your kill.
Menkaure calls on the powers of darkness!
The centaur convulses!
Your body is wracked with pain!
Prince Ribbit convulses!
The orc hits you.
You puncture the shadow imp! You claw the shadow imp.
You kill the shadow imp!
Trog accepts your kill. Prince Ribbit barely misses you.
The crimson imp blinks!
The centaur wields a +0 shortbow.
The centaur shoots an arrow.
The arrow hits you!
* * * LOW HITPOINT WARNING * * *
The centaur wields a +0 shortbow.
The centaur shoots an arrow.
The arrow hits you!
You die...

..! ..>....# ....
... P..
.....##.###..##
##<.PMP.##c5###
##.....(..##...###
#.......<##.Sa...#
#....c.5(..(#co..#
.........##.c#†o..#
.............§@#.##
.P.....).##.)F####
cP......####..#
PP#....## ####
....5 ..[..


You could see Prince Ribbit, Menkaure, 3 centaurs, a worker ant, 2 crimson imps,
an adder and 2 orcs.

Vanquished Creatures
  The ghost of voshxz the Caller, an amateur DESu (D:4)
  An orc wizard (D:4)
  Terence (D:2)
  Jessica (D:2)
  3 worker ants
  An iguana (D:4)
  Robin (D:4)
  9 adders
  A shadow imp (D:5)
  An ooze (D:4)
  An adder skeleton (D:4)
  5 worms
  2 dart slugs (D:1)
  6 leopard geckos
  7 orcs
  6 bats
  6 giant cockroaches
  15 goblins
  11 hobgoblins
  9 jackals
  A quokka (D:4)
  A ball python (D:4)
  3 frilled lizards
  4 kobolds
  9 rats
106 creatures vanquished.

Notes
Turn   | Place    | Note
-------+----------+-------------------------------------------
     0 | D:1      | Mrkan the Tengu Berserker began the quest for the Orb.
     0 | D:1      | Reached XP level 1. HP: 14/14 MP: 2/2
   159 | D:1      | Reached XP level 2. HP: 19/19 MP: 3/3
   391 | D:1      | Reached XP level 3. HP: 23/23 MP: 4/4
   404 | D:1      | Reached skill level 4 in Polearms
   721 | D:2      | Noticed Terence
   739 | D:2      | Killed Terence
   739 | D:2      | Reached ** piety under Trog
   739 | D:2      | Reached XP level 4. HP: 13/28 MP: 5/5
   971 | D:2      | Found a white marble altar of Elyvilon.
  1007 | D:2      | Noticed Jessica
  1011 | D:2      | Killed Jessica
  1043 | D:2      | Gained mutation: You can fly continuously. [Tengu growth]
  1043 | D:2      | Reached XP level 5. HP: 29/33 MP: 6/6
  1288 | D:3      | Reached skill level 5 in Polearms
  1904 | D:3      | Reached *** piety under Trog
  2075 | D:4      | Got a bound silver ring
  2091 | D:4      | Found a runed translucent door.
  2129 | D:4      | Noticed Robin
  2138 | D:4      | Killed Robin
  2240 | D:4      | Reached XP level 6. HP: 35/38 MP: 7/7
  2449 | D:3      | Identified the ring "Wueni" {rCorr +Blink} (You found it on
                  | level 4 of the Dungeon)
  2555 | D:4      | Reached skill level 6 in Polearms
  2584 | D:4      | Noticed voshxz's ghost (amateur DESu)
  2598 | D:4      | Killed voshxz's ghost
  2598 | D:4      | Reached XP level 7. HP: 37/44 MP: 8/8
  2599 | D:4      | Reached **** piety under Trog
  2619 | D:4      | Found a runed translucent door.
  2675 | D:4      | Found a bloodstained altar of Trog.
  2749 | D:5      | Entered Level 5 of the Dungeon
  2749 | D:5      | Found a staircase to the Ecumenical Temple.
  2768 | D:5      | Noticed Prince Ribbit
  2770 | D:5      | Noticed Menkaure
  2774 | D:5      | Shot with an arrow by a centaur

Skill      XL: |  1  2  3  4  5  6 |
---------------+-------------------+-----
Polearms       | 4 5 6 |  6.8
Armour         | 3 4 |  4.6
Fighting       | 4 |  4.8
Dodging        | |  2.1

Action                   |  1- 3 |  4- 6 |  7- 9 || total
-------------------------+-------+-------+-------++-------
Melee: Spear             |    66 |   192 |    29 ||   287
       Kick              |    24 |    52 |    11 ||    87
       Peck              |     9 |    22 |     7 ||    38
Invok: Berserk           |       |     1 |       ||     1
  Use: Scroll            |       |     8 |       ||     8
  Eat: Chunk             |       |     6 |     1 ||     7
Armor: Animal skin       |     1 |       |       ||     1
       Scale mail        |    27 |    84 |    12 ||   123
Dodge: Dodged            |    34 |    80 |    18 ||   132
